 Dungeon Crawl Stone Soup version 0.29-a0-40-g8eb35efe60 (webtiles) character file.

Game seed: 4954918479722102139

2357 kae the Ruffian (level 9, -2/85 (86) HPs)
             Began as a Pale Draconian Transmuter on Feb 1, 2022.
             Was an Initiate of Ru.
             Slain by a kobold brigand (4 damage)
             ... in a bailey.
             The game lasted 00:05:46 (6722 turns).

kae the Ruffian (Pale Draconian Transmuter)         Turns: 6722, Time: 00:05:47

HP:   -2/85 (86)    AC:  7    Str: 14    XL:     9   Next: 20%
MP:   14/15         EV: 10    Int: 17    God:    Ru [......]
Gold: 276           SH:  0    Dex: 11    Spells: 8/16 levels left

rFire   . . .      SeeInvis +     - Unarmed
rCold   + + +      Faith    .   (shield currently unavailable)
rNeg    . . .      Spirit   .   (armour unavailable)
rPois   +          Reflect  .   (helmet currently unavailable)
rElec   .          Harm     .   (cloak currently unavailable)
rCorr   .          Rampage  .   (gloves currently unavailable)
Will    .....                   (boots currently unavailable)
Stlth   +.........              g - amulet of regeneration
HPRegen 1.04/turn               e - ring of see invisible
MPRegen 0.14/turn               n - ring of protection from fire

@: ice-form, lightly drained
A: freezing attack, amphibious, boosted hp, (breathe steam), AC +7, large,
unfitting armour, (cold-blooded), (steam resistance)
a: End Transformation, Renounce Religion


You were in a bailey.
You worshipped Ru.
Ru was noncommittal.
You were a creature of crystalline ice.
You visited 2 branches of the dungeon, and saw 8 of its levels.
You also visited: Bailey.

You collected 332 gold pieces.
You spent 56 gold pieces at shops.

Inventory:

Armour
 m - a +2 cloak (melded)
Jewellery
 e - a ring of see invisible (left front paw)
 g - an amulet of regeneration (around neck)
 n - a ring of protection from fire (right front paw)
 w - a ring of protection from fire
Wands
 l - a wand of flame (4)
 s - a wand of digging (9)
Scrolls
 d - a scroll of teleportation
 h - a scroll of holy word
 u - 2 scrolls of amnesia
Potions
 a - a potion of ambrosia
 b - a potion of heal wounds
 i - a potion of degeneration
 j - a potion of attraction
 k - a potion of mutation
 p - a potion of invisibility
 r - a potion of cancellation
 v - a potion of might


   Skills:
 + Level 4.5 Fighting
 + Level 4.1 Dodging
 * Level 6.6 Unarmed Combat
 + Level 4.2 Spellcasting
 * Level 6.1 Transmutations
 * Level 4.9 Ice Magic
 - Level 2.0 Poison Magic


You had 8 spell levels left.
You knew the following spells:

 Your Spells              Type           Power      Damage    Failure   Level
a - Beastly Appendage     Tmut           48%        N/A       1%          1
b - Spider Form           Tmut/Pois      17%        N/A       9%          3
c - Ice Form              Ice/Tmut       22%        N/A       16%         4

Your spell library contained the following spells:

 Spells                   Type           Power      Damage    Failure   Level
 Wereblood                Tmut           24%        N/A       1%          2
 Sting                    Tmut/Pois      68%        1d6       3%          1
 Passwall                 Tmut/Erth      11%        N/A       7%          2
 Sandblast                Erth           6%         2d5       16%         1
 Poisonous Vapours        Pois/Air       14%        N/A       16%         2
 Ignite Poison            Fire/Tmut/Pois 12%        N/A       16%         3
 Mephitic Cloud           Conj/Pois/Air  5%         N/A       34%         3
 Stone Arrow              Conj/Erth      6%         3d7       43%         3
 Olgreb's Toxic Radiance  Pois           10%        N/A       56%         4
 Freezing Cloud           Conj/Ice/Air   4%         6-21      91%         5


Dungeon Overview and Level Annotations

Branches:
Dungeon (7/15)             Temple (1/1) D:4          Bailey (1/1)

Altars:
Ashenzari
Cheibriados
Dithmenos
Gozag
Kikubaaqudgha
Makhleb
Nemelex Xobeh
Okawaru
Qazlal
Ru
Trog
Vehumet
Wu Jian
Xom
Zin
The Shining One

Shops:
D:2 !


Innate Abilities, Weirdness & Mutations

You are a creature of crystalline ice.
You have a powerful freezing melee attack.
You are amphibious.
Your maximum health is increased.
Your armour is entirely melded.
You are incapable of wielding weapons or throwing items.
((You can breathe blasts of scalding, opaque steam.))
((Your pale cyan-grey scales are hard. (AC +7)))
You cannot fit into any form of body armour.
((You are cold-blooded and may be slowed by cold attacks.))
((You are immune to the effects of steam.))


Message History

The kobold brigand hits you with a +0 war axe.
You hit the kobold brigand but do no damage.
You feel sick.
The kobold brigand throws a poisoned dart.
The poisoned dart closely misses you.
The kobold brigand hits you with a +0 war axe.
The kobold brigand hits you with a +0 war axe!
* * * LOW HITPOINT WARNING * * *
You feel better.
The kobold brigand hits you with a +0 war axe.
The kobold brigand closely misses you.
You barely miss the kobold brigand.
The kobold brigand is moderately wounded.
The kobold brigand barely misses you.
You pummel the kobold brigand!! You freeze the kobold brigand!
You kill the kobold brigand!
The kobold brigand hits you with a +0 war axe.
* * * LOW HITPOINT WARNING * * *
The kobold brigand hits you with a +0 war axe.
* * * LOW HITPOINT WARNING * * *
You hit the kobold brigand. You freeze the kobold brigand.
The kobold brigand is lightly wounded.
The kobold brigand hits you with a +0 war axe.
* * * LOW HITPOINT WARNING * * *
The kobold brigand closely misses you.
You hit the kobold brigand. You freeze the kobold brigand.
The kobold brigand is moderately wounded.
The kobold brigand misses you.
The kobold brigand hits you with a +0 war axe.
* * * LOW HITPOINT WARNING * * *
You hit the kobold brigand. You freeze the kobold brigand.
The kobold brigand is moderately wounded.
The kobold brigand hits you with a +0 war axe.
* * * LOW HITPOINT WARNING * * *
The kobold brigand hits you with a +0 war axe!
* * * LOW HITPOINT WARNING * * *
You completely miss the kobold brigand.
The kobold brigand is moderately wounded.
The kobold brigand hits you with a +0 war axe.
You die...

#...∩...#
#.......#
##..∩..## ##'''##
#...# #...# #...#
####((.####
#≈.(YK((.≈#
#≈≈.)K....≈≈#
...≈≈.......≈≈...
###≈≈.......≈≈###
..≈≈.......≈≈..
###≈≈.......≈≈###
.≈≈.......≈≈.
##≈≈.......≈≈#


You could see 2 kobold brigands.

Vanquished Creatures
  Sigmund (D:2)
  4 ice beasts
  A black bear (D:6)
  An ogre (D:5)
  A centaur (D:6)
  2 phantoms
  A kobold brigand (Bailey)
  2 bullfrogs
  A scorpion (D:7)
  A wyvern skeleton (D:6)
  3 wights (D:7)
  A howler monkey (D:6)
  A centaur zombie (D:6)
  2 jellies (D:5)
  2 bullfrog zombies
  3 bullfrog skeletons
  An orc priest (D:7)
  5 hounds
  2 centaur skeletons
  Crazy Yiuf (D:4)
  Jessica (D:2)
  4 orc wizards (D:6)
  3 iguanas
  A killer bee zombie (D:7)
  Robin (D:1)
  8 adders
  3 gnolls (D:4)
  2 ufetubi (D:6)
  An adder skeleton (D:4)
  2 dart slugs (D:1)
  22 orcs
  7 ball pythons
  2 bats
  6 endoplasms
  A giant cockroach (D:2)
  11 goblins
  7 hobgoblins
  A jackal (D:2)
  16 kobolds
  2 quokkas
  4 frilled lizards
  4 rats
145 creatures vanquished.

Vanquished Creatures (others)
  A fungus (D:4)
1 creature vanquished.

Grand Total: 146 creatures vanquished

Notes
Turn   | Place    | Note
-------+----------+-------------------------------------------
     0 | D:1      | kae the Draconian Transmuter began the quest for the Orb.
     0 | D:1      | Reached XP level 1. HP: 16/16 MP: 3/3
   276 | D:1      | Reached XP level 2. HP: 16/23 MP: 3/5
   711 | D:1      | Found a faded altar of an unknown god.
   883 | D:2      | Noticed Robin
   934 | D:1      | Killed Robin
   935 | D:1      | Reached XP level 3. HP: 7/28 MP: 6/6
   939 | D:1      | Learned a level 3 spell: Spider Form
  1254 | D:2      | Identified the +0 morningstar "Bueqegina" {drain, rElec
                  | rPois Int+2}
  1366 | D:2      | Noticed Jessica
  1379 | D:2      | Killed Jessica
  1380 | D:2      | Reached skill level 1 in Poison Magic
  1380 | D:2      | Reached XP level 4. HP: 32/35 MP: 1/7
  1925 | D:2      | Noticed Sigmund
  1939 | D:2      | Killed Sigmund
  1940 | D:2      | Reached XP level 5. HP: 24/41 MP: 4/9
  1940 | D:2      | Found Heowege's Distillery.
  2012 | D:2      | Learned a level 4 spell: Ice Form
  2072 | D:2      | Bought a potion of curing for 42 gold pieces
  2072 | D:2      | Bought a potion of degeneration for 14 gold pieces
  2505 | D:3      | Reached XP level 6. HP: 47/48 MP: 7/10
  2663 | D:3      | Found an ancient bone altar of Kikubaaqudgha.
  2698 | D:3      | Found an ornate altar of the Wu Jian Council.
  2951 | D:3      | Found a glowing silver altar of Zin.
  3174 | D:4      | Reached skill level 1 in Ice Magic
  3232 | D:4      | Found a staircase to the Ecumenical Temple.
  3239 | Temple   | Entered the Ecumenical Temple
  3333 | Temple   | Became a worshipper of Ru the Awakened
  3553 | D:4      | Found a stormy altar of Qazlal.
  3556 | D:4      | Found a shimmering altar of Xom.
  3556 | D:4      | Found a broken altar of Ashenzari.
  3559 | D:4      | Found an iron altar of Okawaru.
  3559 | D:4      | Found a stormy altar of Qazlal.
  3559 | D:4      | Found an ancient bone altar of Kikubaaqudgha.
  4173 | D:4      | Found a runed translucent door.
  4174 | D:4      | Noticed Crazy Yiuf
  4184 | D:4      | Killed Crazy Yiuf
  4185 | D:4      | Your scales start taking on a pale cyan-grey colour.
  4185 | D:4      | Reached XP level 7. HP: 51/56 MP: 7/11
  4185 | D:4      | Gained mutation: You are immune to the effects of steam.
                  | [Pale Draconian growth]
  4403 | D:5      | Entered Level 5 of the Dungeon
  4473 | D:5      | Identified the +8 flail of the Devouring Ancients {pain,
                  | rPois rF+ Int-3 Stlth+}
  4526 | D:5      | Reached skill level 5 in Unarmed Combat
  4945 | D:5      | Reached XP level 8. HP: 27/63 MP: 9/13
  5707 | D:6      | Reached skill level 5 in Transmutations
  6485 | D:7      | Reached XP level 9. HP: 71/71 MP: 9/15
  6524 | D:7      | Found a stormy altar of Qazlal.
  6594 | D:7      | Found a flagged portal.
  6688 | Bailey   | Entered a bailey
  6721 | Bailey   | HP: 1/85 [kobold brigand (12)]
  6722 | Bailey   | Slain by a kobold brigand

Illustrated notes

Levels and vault maps discovered:
D:1:      amcnicky_arrival_underground_garden, layout_rooms,
          chequers_ecumenical_altar_simple_redux
D:2:      minmay_general_purpose_star, layout_loops_ring, serial_shops,
          nicolae_shop_advertising_works [nicolae_subvault_shop_adworks],
          uniq_sigmund, uniq_jessica, uniq_robin
D:3:      layout_loops_ring, nicolae_wu_jian_wuxing_cycle,
          overflow_temple_1_default, mainiacjoe_overflow_alcove_2,
          ebering_dispersal_statue_hall
D:4:      layout_basic, doesnt_xom_only_xom, minmay_temple_entry_mist,
          nicolae_ossuary_entry_plus, grunt_ministairs_5, chequers_garden,
          uniq_crazy_yiuf_cottage
D:5:      layout_basic
D:6:      layout_basic, minmay_crystal_water
D:7:      layout_cave_pools, nicolae_qazlal_general_emergency,
          kennysheep_orc_sif_temple, enter_bailey_5
Temple:   jpeg_temple_clearing
Bailey:   bailey_axe_3, bailey

Skill      XL: |  1  2  3  4  5  6  7  8  9 |
---------------+----------------------------+-----
Dodging        | 2 3 4 |  4.1
Poison Magic   | 1 2 |  2.0
Fighting       | 2 3 4 |  4.5
Unarmed Combat | 4 5 6 |  6.6
Transmutations | 3 4 5 6 |  6.1
Ice Magic      | 1 3 4 |  4.9
Spellcasting   | 3 4 |  4.2

Action                   |  1- 3 |  4- 6 |  7- 9 || total
-------------------------+-------+-------+-------++-------
Melee: Unarmed           |    77 |   144 |   280 ||   501
       Headbutt          |    11 |     4 |       ||    15
       Kick              |    12 |     7 |       ||    19
       Tailslap          |     7 |     5 |     6 ||    18
       Punch             |     1 |     2 |     2 ||     5
 Cast: Beastly Appendage |    16 |    15 |       ||    31
       Spider Form       |     1 |    11 |    19 ||    31
       Ice Form          |       |     1 |     9 ||    10
Invok: Reject Sacrifices |       |       |     1 ||     1
 Abil: Breathe Steam     |       |       |     3 ||     3
       End Transformatio |       |       |     1 ||     1
  Use: Scroll            |     2 |     5 |    10 ||    17
       Potion            |       |     4 |     1 ||     5
Armor: Skin              |    20 |    29 |    78 ||   127
Dodge: Dodged            |    49 |   109 |   208 ||   366

Table legend: (Time is in decaauts)
 A = Elapsed time spent in this place.
 B = Non-inter-level travel time spent in this place.
 C = Inter-level travel time spent in this place.
 D = Time resting spent in this place.
 E = Time spent auto-exploring this place.
 F = Levels seen in this place.
 G = Mean time per level.
                   A        B        C        D        E       F      G
               +--------+--------+--------+--------+--------+-----+--------+
         Total |   6686 |   6471 |    215 |    448 |   4705 |   9 |  742.9 |
       Dungeon |   6549 |   6344 |    205 |    448 |   4621 |   7 |  935.6 |
        Temple |    105 |     95 |     10 |      0 |     79 |   1 |  105.0 |
        Bailey |     31 |     31 |      0 |      0 |      5 |   1 |   31.0 |
               +--------+--------+--------+--------+--------+-----+--------+

Top non-repeatable levels by time:
     D:4: 1216 daAuts
     D:2: 1210 daAuts
     D:5: 1131 daAuts
     D:1: 1110 daAuts
     D:6: 910 daAuts
     D:3: 753 daAuts
     D:7: 216 daAuts
  Temple: 105 daAuts
  Bailey: 31 daAuts
